 Dungeon Crawl Stone Soup version 0.31-a0-557-g6e16503903 (webtiles) character file.

Game seed: 3155448330748513132

2609 Iich the Trooper (level 9, -5/71 HPs)
             Began as a Demonspawn Fighter on Aug 16, 2023.
             Was a Priest of Okawaru.
             Slain by a hornet (8 damage)
             ... on level 8 of the Dungeon.
             The game lasted 00:17:30 (7501 turns).

Iich the Trooper (Demonspawn Fighter)               Turns: 7501, Time: 00:17:31

Health: -5/71      AC: 11    Str: 16    XL:     9   Next: 34%
Magic:  8/9        EV:  9    Int: 11    God:    Okawaru [***...]
Gold:   366        SH:  9    Dex: 16    Spells: 8/8 levels left

rFire   . . .        a - +0 war axe
rCold   . . .        c - +0 buckler
rNeg    . . .        A - +0 chain mail
rPois   .            (helmet currently unavailable)
rElec   .            (cloak currently unavailable)
rCorr   .            e - melded +1 pair of gloves
SInv    .            (boots currently unavailable)
Will    .....        v - amulet of regeneration Stlth
                     (no ring)
HPRegen 1.11/turn    (no ring)
MPRegen 0.11/turn

%: no passive effects
@: mighty, lethally poisoned (-5 -> -5), beast-form, slowed, very slow
A: beast (slay +3), yellow scales 2, condensation shield, demonic touch 1
a: Begin Untransformation, Renounce Religion, Heroism


You were on level 8 of the Dungeon.
You worshipped Okawaru.
Okawaru was most pleased with you.
You were a hulking beast.
You visited 2 branches of the dungeon, and saw 9 of its levels.

You collected 366 gold pieces.

Inventory:

Hand Weapons
 a - a +0 war axe (weapon)
Armour
 b - a +0 scale mail
 c - a +0 buckler (worn)
 e - a +1 pair of gloves (melded)
 l - a +2 hat
 p - a +0 tower shield
 y - a +0 helmet
 A - a +0 chain mail (worn)
Jewellery
 v - an amulet of regeneration (around neck)
Talismans
 j - a talisman of death
 x - a beast talisman (active)
Wands
 q - a wand of mindburst (14)
Scrolls
 g - a scroll of fear
 h - a scroll of poison
 i - a scroll of blinking {unknown}
 r - a scroll of torment
 u - a scroll of amnesia {unknown}
 w - a scroll of noise
 z - 4 scrolls of vulnerability {unknown}
 B - a scroll of immolation {unknown}
 D - a scroll of brand weapon
 F - a scroll of fog {unknown}
 G - a scroll of enchant weapon {unknown}
Potions
 d - a potion of might
 f - 2 potions of invisibility
 k - a potion of cancellation {unknown}
 m - a potion of attraction {unknown}
 n - a potion of resistance
 o - 2 potions of enlightenment
 s - a potion of lignification
 C - a potion of mutation {unknown}
 E - a potion of brilliance {unknown}


   Skills:
 + Level 6.9 Fighting
 + Level 5.8 Axes
 - Level 2.6 Armour
 + Level 5.4 Dodging
 - Level 2.6 Shields
 - Level 1.3 Unarmed Combat
 + Level 4.9 Shapeshifting


You had 8 spell levels left.
You didn't know any spells.
Your spell library contained the following spells:

 Spells                   Type           Power      Damage    Failure   Level
 Magic Dart               Conj           0%         1d3       99%         1
 Sandblast                Erth           0%         2d4       99%         1
 Blink                    Tloc           0%         N/A       100%        2
 Passwall                 Tmut/Erth      0%         N/A       100%        2
 Searing Ray              Conj           0%         2d4       100%        2
 Gell's Gravitas          Tloc           0%         N/A       100%        3
 Stone Arrow              Conj/Erth      0%         3d7       100%        3
 Teleport Other           Tloc           0%         N/A       100%        3
 Fulminant Prism          Conj/Hex       0%         3d5       100%        4
 Manifold Assault         Tloc           0%         N/A       100%        4
 Dispersal                Tloc           0%         N/A       100%        6


Dungeon Overview and Level Annotations

Branches:
Dungeon (8/15)             Temple (1/1) D:4
   Lair: D:8-11

Altars:
Ashenzari
Cheibriados
Gozag
Hepliaklqana
Kikubaaqudgha
Makhleb
Nemelex Xobeh
Okawaru
Qazlal
Ru
Sif Muna
Trog
Uskayaw
Vehumet
Wu Jian
Xom

Shops:
D:5 :   D:8 *


Innate Abilities, Weirdness & Mutations

You are a hulking beast.
Your limbs bulge with bestial killing power. (Slay +3)
You are mostly covered in yellow scales. (AC +3)
A meltable shield of frost defends you. (SH +4)
Your touch may inflict minor irresistible damage on your foes.


Message History

* * * LOW HITPOINT WARNING * * *
You suddenly lose the ability to move!
You can move again.
You slash the hornet!
The hornet is almost dead.
You feel like a meek peon again.
You feel sick. You block the hornet's attack.
The hornet stings you but does no damage.
You take 5 damage, and have 25/71 hp.
Unknown command.
You barely miss the hornet.
The hornet is almost dead.
You feel sick.
You are no longer poisoned.
You block the hornet's attack. The hornet stings you.
* * * LOW HITPOINT WARNING * * *
You are poisoned.
You suddenly lose the ability to move!
The hornet completely misses you.
You feel very sick. The hornet stings you.
* * * LOW HITPOINT WARNING * * *
You feel as though you will be slow longer.
You can move again.
You take 8 damage, and have 17/71 hp.
You hit the hornet.
The hornet is almost dead.
You feel very sick.
The hornet stings you but does no damage.
The hornet stings you.
* * * LOW HITPOINT WARNING * * *
You shrug off the repeated paralysis!
The hornet stings you but does no damage.
You take 6 damage, and have 11/71 hp.
You miss the hornet.
The hornet is almost dead.
You feel sick. The hornet closely misses you. The hornet stings you!
* * * LOW HITPOINT WARNING * * *
You feel as though you will be slow longer.
The hornet stings you!
You die...

#.####.#..######...#
#.# ##.#..# #.†.#
#.# #.#..# #...# #.#
#.#..# #...# #.#
#.#..#####...#
####.#
#.#..........#
#....#
#.##..####.#.#
#.####
#...)......#.# #)#
#.##h.###... #.# ##.
#y.# #.## #.#
##.###...# #.# #.#
##...#.##.# #.# #.#
#.....# .# #.# #.#
#.....# #.# #.# #.#
#.....# #.# #.# #.#
##....# #.# #.# #.#
####.###.###.# #.#


You could see a hornet.

Vanquished Creatures
  A two-headed ogre (D:8)
  A kobold demonologist (D:7)
  A troll (D:6)
  A steam dragon (D:8)
  A sky beast (D:8)
  An ice beast (D:6)
  An ogre (D:6)
  2 centaurs
  3 phantoms
  3 jellies
  3 gnoll boudas (D:6)
  An orc priest (D:7)
  2 hounds
  5 iguanas
  24 gnolls
  7 adders
  2 shadow imps
  A white imp (D:6)
  A worm (D:2)
  A dart slug (D:2)
  8 orcs
  3 ball pythons
  5 endoplasms
  4 giant cockroaches
  4 hobgoblins
  10 jackals
  6 kobolds
  8 quokkas
  2 bats (D:2)
  6 frilled lizards
  A goblin (D:1)
  5 rats
124 creatures vanquished.

Notes
Turn   | Place    | Note
-------+----------+-------------------------------------------
     0 | D:1      | Iich the Demonspawn Fighter began the quest for the Orb.
     0 | D:1      | Reached XP level 1. HP: 18/18 MP: 1/1
   123 | D:1      | Gained mutation: You are partially covered in yellow
                  | scales. (AC +2) [demonic ancestry]
   123 | D:1      | Reached XP level 2. HP: 24/24 MP: 2/2
   397 | D:1      | Reached skill level 1 in Dodging
   599 | D:1      | Reached XP level 3. HP: 21/29 MP: 3/3
  1289 | D:2      | Reached XP level 4. HP: 20/37 MP: 4/4
  1300 | D:2      | Reached skill level 1 in Shapeshifting
  1871 | D:3      | Gained mutation: You are mostly covered in yellow scales.
                  | (AC +3) [demonic ancestry]
  1871 | D:3      | Reached XP level 5. HP: 40/42 MP: 5/5
  1881 | D:3      | Reached skill level 4 in Fighting
  2156 | D:3      | Found a faded altar of an unknown god.
  2575 | D:4      | Found a staircase to the Ecumenical Temple.
  2584 | Temple   | Entered the Ecumenical Temple
  2697 | Temple   | Became a worshipper of Warmaster Okawaru
  2838 | D:4      | Noticed a phantom
  2843 | D:4      | Killed a phantom
  3091 | D:4      | Gained mutation: Your touch may inflict minor irresistible
                  | damage on your foes. [demonic ancestry]
  3091 | D:4      | Reached XP level 6. HP: 46/48 MP: 6/6
  3463 | D:5      | Entered Level 5 of the Dungeon
  3526 | D:5      | Found a burning altar of Makhleb.
  3894 | D:5      | Found a shimmering altar of Xom.
  3896 | D:5      | Noticed an angel
  4239 | D:5      | Found Keim's Vocational Training.
  4268 | D:5      | Found a hide-covered altar of Uskayaw.
  4465 | D:5      | Reached skill level 1 in Unarmed Combat
  4846 | D:5      | Found an opulent altar of Gozag.
  4918 | D:6      | Gained mutation: A meltable shield of frost defends you.
                  | (SH +4) [demonic ancestry]
  4918 | D:6      | Reached XP level 7. HP: 55/55 MP: 7/7
  4928 | D:6      | Reached * piety under Okawaru
  5107 | D:6      | Reached skill level 5 in Fighting
  5263 | D:6      | Noticed a troll
  5270 | D:6      | HP: 2/56 [troll (1)]
  5450 | D:6      | Killed a troll
  5450 | D:6      | Reached ** piety under Okawaru
  5451 | D:6      | Reached XP level 8. HP: 63/63 MP: 8/8
  5646 | D:6      | Found a shimmering blue altar of Sif Muna.
  5646 | D:6      | Found a sparkling altar of Nemelex Xobeh.
  6072 | D:7      | Noticed a kobold demonologist
  6078 | D:7      | Noticed a rust devil
  6085 | D:7      | Killed a kobold demonologist
  6086 | D:7      | Reached skill level 6 in Fighting
  6086 | D:7      | Reached skill level 5 in Axes
  6791 | D:7      | Found an ornate altar of the Wu Jian Council.
  7034 | D:8      | Found Bykaix's Neck Hole.
  7184 | D:8      | Noticed a hornet
  7198 | D:8      | Paralysed by a hornet for 1 turns
  7314 | D:8      | Noticed a two-headed ogre
  7324 | D:8      | Paralysed by a hornet for 3 turns
  7395 | D:8      | Killed a two-headed ogre
  7395 | D:8      | Reached *** piety under Okawaru
  7396 | D:8      | Reached skill level 5 in Dodging
  7396 | D:8      | Reached XP level 9. HP: 57/71 MP: 6/9
  7493 | D:8      | Paralysed by a hornet for 1 turns
  7496 | D:8      | Paralysed by a hornet for 1 turns
  7498 | D:8      | Paralysed by a hornet for 2 turns
  7501 | D:8      | HP: 3/71 [hornet (8)]
  7501 | D:8      | Slain by a hornet

Illustrated notes

Levels and vault maps discovered:
D:1:      enne_arrival_octagon_isle, layout_loops_ring, minmay_pentomino_r2
D:2:      layout_loops_ring
D:3:      layout_rooms, nicolae_ecumenical_lake_church
D:4:      layout_loops_corners, minmay_temple_entry_wispy
D:5:      layout_layer_cave, grunt_temple_overflow_order_and_chaos_1,
          lemuel_tele_altar, lemuel_doored_altar, general_overflow_altar,
          nicolae_shop_vocational
D:6:      layout_loops_cross, mainiacjoe_overflow_divided_tiny,
          minmay_microvault
D:7:      layout_loops_corners, pdpol_wu_jian_five_deadly_venoms
D:8:      layout_loops_ring, nicolae_shop_sticking_my_neck_out
Temple:   nicolae_temple_bog_church

Skill      XL: |  1  2  3  4  5  6  7  8 |
---------------+-------------------------+-----
Axes           | 2 3 4 5 |  5.8
Dodging        | 1 2 3 5 |  5.4
Shapeshifting  | 1 2 3 4 |  4.9
Fighting       | 4 5 6 |  6.9
Unarmed Combat | 1 |  1.3
Armour         | |  2.6
Shields        | |  2.6

Action                     |  1- 3 |  4- 6 |  7- 9 || total
---------------------------+-------+-------+-------++-------
  Melee: War axe           |   125 |   164 |   187 ||   476
         Unarmed           |       |    35 |       ||    35
 Invoke: Heroism           |       |       |     8 ||     8
  Evoke: Wand              |       |     8 |    12 ||    20
    Use: Scroll            |     6 |     2 |     5 ||    13
         Potion            |       |     5 |     4 ||     9
 Armour: Scale mail        |    64 |   113 |    58 ||   235
         Chain mail        |       |       |    30 ||    30
  Dodge: Dodged            |    73 |    93 |   118 ||   284
  Block: Buckler           |    33 |    46 |   115 ||   194
         Form:             |     1 |       |       ||     1
         Death             |     1 |       |       ||     1
         Beast             |       |     1 |       ||     1

Table legend: (Time is in decaauts)
 A = Elapsed time spent in this place.
 B = Non-inter-level travel time spent in this place.
 C = Inter-level travel time spent in this place.
 D = Time resting spent in this place.
 E = Time spent auto-exploring this place.
 F = Levels seen in this place.
 G = Mean time per level.
                   A        B        C        D        E       F      G
               +--------+--------+--------+--------+--------+-----+--------+
         Total |   7705 |   7452 |    253 |    436 |   5363 |   9 |  856.1 |
       Dungeon |   7560 |   7307 |    253 |    436 |   5363 |   8 |  945.0 |
        Temple |    144 |    144 |      0 |      0 |      0 |   1 |  144.0 |
               +--------+--------+--------+--------+--------+-----+--------+

Top non-repeatable levels by time:
     D:5: 1426 daAuts
     D:6: 1154 daAuts
     D:2: 971 daAuts
     D:4: 971 daAuts
     D:7: 869 daAuts
     D:3: 780 daAuts
     D:1: 737 daAuts
     D:8: 650 daAuts
  Temple: 144 daAuts
